[Event "Commonwealth Open 2019"]
[Site "Delhi"]
[Date "2019.06.30"]
[Round "1.25"]
[White "Singh Ojasva"]
[Black "Navalgund, Niranjan"]
[Result "1/2-1/2"]
[ECO "C55"]
[WhiteElo "1666"]
[BlackElo "2326"]
[Annotator "NA"]
[PlyCount "102"]
[EventDate "2019.06.30"]
[EventType "swiss"]
[EventCountry "IND"]
[SourceTitle "playchess.com"]
[Source "ChessBase"]
[SourceQuality "1"]
[TimeControl "5400+30"]

1. e4 e5 2. Nf3 Nc6 3. Bc4 Nf6 4. d4 exd4 5. Nxd4 Nxe4 6. Bxf7+ Kxf7 7. Qh5+ g6 8. Qd5+ Kg7 9. Nxc6 Qe8 10. Qe5+ Qxe5 11. Nxe5 Bb4+ 12. c3 Bc5 13. O-O d6 14. Nf3 Bd7 15. Nbd2 Rhe8 16. Nd4 Nf6 17. N2f3 Bb6 18. Bd2 c5 19. Nc2 Bc6 20. Rfe1 Be4 21. Rac1 d5 22. b4 Ng4 23. bxc5 Bxc5 24. Nfd4 Ne5 25. Rcd1 Nd3 26. Re2 b6 27. f3 Bf5 28. Be3 Nb2 29. Nxf5+ gxf5 30. Rxd5 Na4 31. Bd4+ Kg6 32. Rde5 Rxe5 33. Rxe5 Bxd4+ 34. cxd4 f4 35. g3 Rc8 36. Nb4 Rc4 37. Nd5 fxg3 38. hxg3 Rxd4 39. Nf4+ Kf6 40. Re6+ Kf7 41. Rh6 Rd1+ 42. Kg2 Kg7 43. Re6 a5 44. g4 Ra1 45. Nh5+ Kf7 46. Rh6 Rxa2+ 47. Kg3 b5 48. Rxh7+ Ke6 49. Nf4+ Kf6 50. Nh5+ Ke6 51. Nf4+ Ke5 1/2-1/2

[Event "Commonwealth Open 2019"]
[Site "Delhi"]
[Date "2019.06.30"]
[Round "1.26"]
[White "Sangma, Rahul"]
[Black "Hanif, Mollah"]
[Result "1-0"]
[ECO "A05"]
[WhiteElo "2298"]
[BlackElo "1650"]
[Annotator "ChessBase"]
[PlyCount "39"]
[EventDate "2019.06.30"]
[EventType "swiss"]
[EventCountry "IND"]
[SourceTitle "playchess.com"]
[Source "ChessBase"]
[SourceQuality "1"]
[TimeControl "5400+30"]

1. Nf3 Nf6 2. c4 c6 3. Nc3 d5 4. e3 e6 5. b3 Nbd7 6. Bb2 Bd6 7. Qc2 a6 8. d4 O-O 9. Bd3 Re8 10. O-O dxc4 11. Bxc4 e5 12. Ng5 Rf8 13. Nce4 Nxe4 14. Nxe4 Bb8 15. Rfd1 exd4 16. Rxd4 Qc7 17. Nd6 Ne5 18. Rh4 g6 19. Bxe5 Qe7 20. Qxg6+ 1-0

[Event "Commonwealth Open 2019"]
[Site "Delhi"]
[Date "2019.06.30"]
[Round "1.27"]
[White "Bhoopnath"]
[Black "Saravana, IM Krishnan P."]
[Result "0-1"]
[ECO "B02"]
[WhiteElo "1649"]
[BlackElo "2290"]
[Annotator "ChessBase"]
[PlyCount "78"]
[EventDate "2019.06.30"]
[EventType "swiss"]
[EventCountry "IND"]
[SourceTitle "playchess.com"]
[Source "ChessBase"]
[SourceQuality "1"]
[TimeControl "5400+30"]

1. e4 Nf6 2. Nc3 d5 3. e5 d4 4. exf6 dxc3 5. fxe7 Qxe7+ 6. Qe2 cxd2+ 7. Bxd2 Nc6 8. Nf3 Be6 9. Qe3 O-O-O 10. Be2 Bd5 11. O-O f6 12. Rfd1 Qf7 13. Bc3 Bd6 14. Nd4 Rhe8 15. Qh3+ Kb8 16. Nxc6+ Bxc6 17. Bf3 Bxf3 18. Qxf3 Qg6 19. Rd3 Re4 20. Rad1 Rde8 21. g3 a6 22. a3 h5 23. Bb4 Bxb4 24. axb4 Kc8 25. c3 h4 26. Kg2 Qh7 27. g4 R4e7 28. Rd4 c6 29. Qf4 Re5 30. Qd2 Qg8 31. Rd7 R5e7 32. Rd6 Kb8 33. Qd4 Rc8 34. Qb6 Qc4 35. R1d4 h3+ 36. Kxh3 Qf1+ 37. Kg3 Qg1+ 38. Kf3 Qxh2 39. Rd7 Qh3+ 0-1

[Event "Commonwealth Open 2019"]
[Site "Delhi"]
[Date "2019.06.30"]
[Round "1.28"]
[White "Wagh Suyog"]
[Black "Lim, Kian Hwa"]
[Result "0-1"]
[ECO "A04"]
[WhiteElo "2250"]
[BlackElo "1644"]
[Annotator "NA"]
[PlyCount "142"]
[EventDate "2019.06.30"]
[EventType "swiss"]
[EventCountry "IND"]
[SourceTitle "playchess.com"]
[Source "ChessBase"]
[SourceQuality "1"]
[TimeControl "5400+30"]

1. Nf3 d6 2. d4 Nd7 3. c4 e5 4. Nc3 Ngf6 5. g3 c6 6. Bg2 Be7 7. e4 O-O 8. O-O h6 9. h3 Nh7 10. Be3 Ng5 11. Nd2 exd4 12. Bxd4 Ne5 13. Kh2 Ne6 14. Be3 Bf6 15. f4 Nd3 16. Qc2 Nec5 17. a3 a5 18. Rab1 a4 19. Rfd1 Qa5 20. Na2 Re8 21. Nf1 Nxb2 22. Rd4 d5 23. Rxd5 Be6 24. Rd6 Rac8 25. Nd2 Rcd8 26. Rxd8 Rxd8 27. e5 Rd3 28. exf6 Rxe3 29. Rxb2 gxf6 30. Ne4 Nxe4 31. Bxe4 Qe1 32. Qg2 Rxe4 33. c5 Bd5 34. Rf2 Re3 35. Qg1 Qxg1+ 36. Kxg1 Rxg3+ 37. Kh2 Rxa3 38. Nb4 Be4 39. Na2 f5 40. Rd2 Kg7 41. h4 Rf3 42. Kg1 Rxf4 43. Nc3 a3 44. Ra2 Rxh4 45. Rxa3 Rh3 46. Kf2 h5 47. Nb1 Rxa3 48. Nxa3 Bd3 49. Ke3 h4 50. Kxd3 h3 51. Nc4 h2 52. Nd6 h1=Q 53. Nxf5+ Kf6 54. Ne3 Ke5 55. Nc2 Qd5+ 56. Ke2 Qxc5 57. Ne1 Ke4 58. Kd2 Qe3+ 59. Kd1 Qxe1+ 60. Kxe1 Ke3 61. Kd1 f5 62. Ke1 f4 63. Kf1 f3 64. Ke1 b5 65. Kf1 b4 66. Kg1 Ke2 67. Kh2 f2 68. Kg3 f1=Q 69. Kh2 Qf8 70. Kg3 Qf5 71. Kh4 Qg6 0-1

[Event "Commonwealth Open 2019"]
[Site "Delhi"]
[Date "2019.06.30"]
[Round "1.29"]
[White "du Plessis, Jan"]
[Black "Bhambure, Shantanu"]
[Result "1-0"]
[ECO "B22"]
[WhiteElo "1631"]
[BlackElo "2248"]
[Annotator "NA"]
[PlyCount "67"]
[EventDate "2019.06.30"]
[EventType "swiss"]
[EventCountry "IND"]
[SourceTitle "playchess.com"]
[Source "ChessBase"]
[SourceQuality "1"]
[TimeControl "5400+30"]

1. e4 c5 2. c3 d5 3. exd5 Qxd5 4. d4 Nc6 5. Nf3 Bf5 6. Na3 cxd4 7. cxd4 e6 8. Nb5 O-O-O 9. a3 Nf6 10. Be3 Ng4 11. Rc1 Nxe3 12. fxe3 Kb8 13. Qa4 a6 14. Nc3 Qd7 15. b4 Bd6 16. b5 Na7 17. e4 Bg6 18. Bd3 Bf4 19. Rc2 Be3 20. bxa6 Qxa4 21. Nxa4 Bxd4 22. axb7 f5 23. exf5 exf5 24. Nxd4 Rhe8+ 25. Kf2 Rxd4 26. Nc5 Nc6 27. Na6+ Kxb7 28. Rb1+ Ka7 29. Nc7 Rxd3 30. Rxc6 Rxa3 31. Nxe8 Bxe8 32. Rc7+ Ka6 33. Rc8 Ra2+ 34. Kg1 1-0

[Event "Commonwealth Open 2019"]
[Site "Delhi"]
[Date "2019.06.30"]
[Round "1.30"]
[White "Mahalakshmi, M."]
[Black "Suthar Pradip"]
[Result "1-0"]
[ECO "A78"]
[WhiteElo "2245"]
[BlackElo "1631"]
[Annotator "NA"]
[PlyCount "86"]
[EventDate "2019.06.30"]
[EventType "swiss"]
[EventCountry "IND"]
[SourceTitle "playchess.com"]
[Source "ChessBase"]
[SourceQuality "1"]
[TimeControl "5400+30"]

1. d4 Nf6 2. c4 c5 3. d5 e6 4. Nc3 exd5 5. cxd5 d6 6. Nf3 g6 7. Nd2 Bg7 8. e4 O-O 9. Be2 Re8 10. O-O Na6 11. h3 Nc7 12. Re1 Rb8 13. a4 b6 14. Qc2 Nd7 15. Nb5 Nxb5 16. axb5 Ra8 17. Ra3 Bb7 18. Nc4 Ne5 19. Bd2 f5 20. exf5 Bxd5 21. Nxe5 Rxe5 22. fxg6 hxg6 23. Qxg6 Qe8 24. Rg3 Qxg6 25. Rxg6 Rae8 26. Bc3 Rxe2 27. Rxg7+ Kf8 28. Rd1 Bf7 29. Rxd6 Re1+ 30. Kh2 R1e6 31. Rd3 Rg6 32. Rh7 Re2 33. Rf3 Re7 34. Rh8+ Rg8 35. Rh6 Ke8 36. Bf6 Rd7 37. Bh4 Bg6 38. Bg3 Ke7 39. Re3+ Kf7 40. Rh4 Re8 41. Be5 Rg8 42. Rf4+ Ke6 43. Bc7+ Kd5 1-0

[Event "Commonwealth Open 2019"]
[Site "Delhi"]
[Date "2019.06.30"]
[Round "2.3"]
[White "Aravindh, Chithambaram VR."]
[Black "Mohota, Nisha"]
[Result "1-0"]
[ECO "A06"]
[WhiteElo "2598"]
[BlackElo "2236"]
[Annotator "ChessBase"]
[PlyCount "89"]
[EventDate "2019.06.30"]
[EventType "swiss"]
[EventCountry "IND"]
[SourceTitle "playchess.com"]
[Source "ChessBase"]
[SourceQuality "1"]
[TimeControl "5400+30"]

1. Nf3 d5 2. e3 Nf6 3. c4 e6 4. Nc3 Be7 5. b3 c5 6. cxd5 exd5 7. Bb2 O-O 8. d4 cxd4 9. Nxd4 Nc6 10. Be2 Bc5 11. Nxc6 bxc6 12. O-O Bd6 13. Rc1 Bf5 14. Na4 Rc8 15. Qd4 Re8 16. Nc5 Be5 17. Qd2 Ne4 18. Nxe4 Bxe4 19. Bxe5 Rxe5 20. Qd4 Re7 21. Rc5 Qd6 22. Rfc1 Qg6 23. f3 Bf5 24. Qxd5 Bd7 25. Qd4 Rce8 26. e4 h5 27. h4 f6 28. Rd1 Kh8 29. Bf1 Qf7 30. Bc4 Qg6 31. Bf1 Qf7 32. Qc3 Rb8 33. Qa5 Be8 34. Rd6 g6 35. Bc4 Qf8 36. Qd2 Kg7 37. Qd4 Rbb7 38. e5 f5 39. Rf6 Qh8 40. e6 Kh7 41. Rcxf5 gxf5 42. Rh6+ Kxh6 43. Qxh8+ Kg6 44. g4 hxg4 45. fxg4 1-0

[Event "Commonwealth Open 2019"]
[Site "Delhi"]
[Date "2019.06.30"]
[Round "2.4"]
[White "Oatlhotse, Providence"]
[Black "Lalith Babu M R"]
[Result "1/2-1/2"]
[ECO "A13"]
[WhiteElo "2244"]
[BlackElo "2571"]
[Annotator "ChessBase"]
[PlyCount "144"]
[EventDate "2019.06.30"]
[EventType "swiss"]
[EventCountry "IND"]
[SourceTitle "playchess.com"]
[Source "ChessBase"]
[SourceQuality "1"]
[TimeControl "5400+30"]

1. Nf3 Nf6 2. c4 e6 3. g3 d5 4. Bg2 dxc4 5. O-O Be7 6. Na3 Bxa3 7. bxa3 O-O 8. Qc2 c5 9. Bb2 Nbd7 10. Qxc4 Rb8 11. a4 b6 12. Ne5 Bb7 13. Nc6 Bxc6 14. Bxc6 Rc8 15. Bb7 Rc7 16. Bg2 Nb8 17. Be5 Rd7 18. d3 Nd5 19. Qb5 Nc7 20. Qb2 f6 21. Bf4 Nd5 22. Bd2 Nc6 23. Rfc1 f5 24. a5 Nd4 25. Be3 e5 26. axb6 axb6 27. Rab1 f4 28. Bxd4 exd4 29. Bxd5+ Rxd5 30. Qxb6 fxg3 31. hxg3 Qg5 32. Qe6+ Kh8 33. Rf1 h5 34. Rb7 Re5 35. Qd6 Rfe8 36. Rb8 Rxe2 37. Rxe8+ Rxe8 38. Qc6 Re2 39. a4 Ra2 40. Qe6 Rb2 41. Re1 Kh7 42. Re5 Rb1+ 43. Kg2 Qg6 44. Qxg6+ Kxg6 45. Kf3 Ra1 46. Rxc5 Rxa4 47. Ke4 Ra2 48. f4 Rg2 49. Rg5+ Kf6 50. Rxh5 Rxg3 51. Kxd4 Rg1 52. Ke4 Re1+ 53. Kf3 Rf1+ 54. Ke3 Re1+ 55. Kf2 Ra1 56. Re5 Ra2+ 57. Kf3 Ra1 58. Ke2 Ra2+ 59. Ke3 Ra1 60. d4 Re1+ 61. Kf3 Ra1 62. Ke4 Ra2 63. Kd5 Ra5+ 64. Kd6 Ra4 65. Kc5 g6 66. Kd5 Ra5+ 67. Ke4 Ra1 68. d5 Ra4+ 69. Ke3 Ra3+ 70. Ke2 Ra2+ 71. Ke3 Ra3+ 72. Kd4 Ra4+ {[%emt 0:00:04] Ke4 Kxe5+} 1/2-1/2

[Event "Commonwealth Open 2019"]
[Site "Delhi"]
[Date "2019.06.30"]
[Round "2.5"]
[White "Deepan Chakkravarthy J."]
[Black "Ajay Karthikeyan"]
[Result "0-1"]
[ECO "B23"]
[WhiteElo "2557"]
[BlackElo "2227"]
[Annotator "ChessBase"]
[PlyCount "164"]
[EventDate "2019.06.30"]
[EventType "swiss"]
[EventCountry "IND"]
[SourceTitle "playchess.com"]
[Source "ChessBase"]
[SourceQuality "1"]
[TimeControl "5400+30"]

1. e4 c5 2. Nc3 d6 3. Bc4 e6 4. Nge2 a6 5. a3 Nf6 6. Ba2 b5 7. d3 Nc6 8. O-O Be7 9. f4 O-O 10. Ng3 d5 11. e5 Ne8 12. Nce2 g6 13. c3 Ng7 14. d4 c4 15. Bb1 f5 16. exf6 Bxf6 17. Nh1 Nf5 18. Nf2 Bg7 19. Kh1 a5 20. Ng1 Bd7 21. Bc2 b4 22. Ba4 bxc3 23. bxc3 Rb8 24. Nf3 Na7 25. Bc2 Nb5 26. Bd2 Nc7 27. a4 Bc6 28. Ng4 Ba8 29. Nge5 Nd6 30. Ng5 Bxe5 31. fxe5 Ne4 32. Bxe4 dxe4 33. Qg4 e3 34. Bxe3 Rb2 35. Ne4 Rf5 36. Nf6+ Kh8 37. Qh4 Qe7 38. Rf2 Rb3 39. Bg5 Qf7 40. Kg1 Nd5 41. Nxd5 Bxd5 42. Bh6 g5 43. Bxg5 Qg6 44. Bf6+ Kg8 45. Qg3 Qxg3 46. hxg3 h5 47. Rff1 Rxf1+ 48. Rxf1 Rxc3 49. Rf2 Rxg3 50. Bd8 c3 51. Bxa5 Be4 52. Kh2 Re3 53. Bb4 c2 54. Rf8+ Kg7 55. Rc8 Re2 56. a5 Rxg2+ 57. Kh3 Rg1 58. Bd2 Rd1 59. Bg5 Rxd4 60. Bf6+ Kg6 61. Kg3 Kf5 62. Bg7 Kg6 63. Bf8 Rd1 64. Ba3 Rd3+ 65. Kf4 Bb7 66. Rg8+ Kh7 67. Rb8 Rxa3 68. Rxb7+ Kg6 69. Rc7 Ra4+ 70. Kg3 Rxa5 71. Rxc2 Rxe5 72. Rc8 Re4 73. Rg8+ Kf5 74. Rf8+ Ke5 75. Rh8 Rg4+ 76. Kf3 Rf4+ 77. Ke3 Rf5 78. Rh6 Rg5 79. Rh8 Kf6 80. Rh6+ Kf5 81. Kf3 e5 82. Rh8 e4+ {[%emt 0:02:02] Kg4+ Kxg4 Re8 Kg3} 0-1

[Event "Commonwealth Open 2019"]
[Site "Delhi"]
[Date "2019.06.30"]
[Round "2.6"]
[White "Jubin Jimmy"]
[Black "Debashis, Das"]
[Result "1/2-1/2"]
[ECO "A40"]
[WhiteElo "2228"]
[BlackElo "2544"]
[Annotator "ChessBase"]
[PlyCount "54"]
[EventDate "2019.06.30"]
[EventType "swiss"]
[EventCountry "IND"]
[SourceTitle "playchess.com"]
[Source "ChessBase"]
[SourceQuality "1"]
[TimeControl "5400+30"]

1. d4 e6 2. c4 b6 3. Nc3 Bb7 4. e4 Bb4 5. Qc2 Ne7 6. Nf3 Bxc3+ 7. bxc3 d6 8. Bd3 Nd7 9. O-O h6 10. Nd2 e5 11. f4 exf4 12. Rxf4 O-O 13. Rf1 c5 14. Nb3 Ng6 15. Bf4 Qe7 16. Bg3 Nf6 17. Rae1 Nh5 18. Qf2 Rad8 19. Nd2 Qg5 20. Qe3 Qxe3+ 21. Rxe3 Nxg3 22. Rxg3 Rfe8 23. e5 cxd4 24. Bxg6 fxg6 25. cxd4 dxe5 26. d5 Re7 27. Rb1 Bc8 1/2-1/2

[Event "Commonwealth Open 2019"]
[Site "Delhi"]
[Date "2019.06.30"]
[Round "2.7"]
[White "Erigaisi Arjun"]
[Black "Aaryan Varshney"]
[Result "1-0"]
[ECO "E69"]
[WhiteElo "2526"]
[BlackElo "2196"]
[Annotator "ChessBase"]
[PlyCount "119"]
[EventDate "2019.06.30"]
[EventType "swiss"]
[EventCountry "IND"]
[SourceTitle "playchess.com"]
[Source "ChessBase"]
[SourceQuality "1"]
[TimeControl "5400+30"]

1. Nf3 Nf6 2. g3 g6 3. Bg2 Bg7 4. O-O O-O 5. c4 d6 6. d4 Nbd7 7. Nc3 e5 8. e4 c6 9. h3 exd4 10. Nxd4 Re8 11. Be3 Nc5 12. Qc2 a5 13. Rad1 Qc7 14. Ndb5 cxb5 15. Nxb5 Qe7 16. Nxd6 Ncd7 17. Nxe8 Nxe8 18. f4 Nf8 19. Qf2 Be6 20. b3 f6 21. Bc5 Qc7 22. Bb6 Qe7 23. f5 Bf7 24. Bc5 Qc7 25. e5 gxf5 26. Bd6 Nxd6 27. exd6 Qd7 28. Qxf5 Be6 29. Qb5 Qxb5 30. cxb5 Rb8 31. Rfe1 Kf7 32. Bd5 f5 33. Rxe6 Nxe6 34. Re1 Re8 35. d7 Bd4+ 36. Kg2 Rd8 37. Bxe6+ Kf6 38. g4 fxg4 39. Bxg4 Be5 40. Rf1+ Ke7 41. Rf5 Bg7 42. Rh5 h6 43. b6 Kd6 44. Rxa5 Kc6 45. Ra4 Kxb6 46. Rc4 Bf6 47. Rc8 Kb5 48. Kf3 h5 49. Be6 Kb6 50. Ke4 h4 51. Kf5 Be7 52. Kg6 Ka7 53. Kf7 Bg5 54. Rxd8 Bxd8 55. Ke8 Bb6 56. a4 Ka6 57. b4 Ka7 58. a5 Bc7 59. d8=Q Bxd8 60. Kxd8 1-0

[Event "Commonwealth Open 2019"]
[Site "Delhi"]
[Date "2019.06.30"]
[Round "2.8"]
[White "Srihari L R"]
[Black "Iniyan, P."]
[Result "1-0"]
[ECO "E71"]
[WhiteElo "2214"]
[BlackElo "2525"]
[Annotator "ChessBase"]
[PlyCount "43"]
[EventDate "2019.06.30"]
[EventType "swiss"]
[EventCountry "IND"]
[SourceTitle "playchess.com"]
[Source "ChessBase"]
[SourceQuality "1"]
[TimeControl "5400+30"]

1. d4 Nf6 2. c4 g6 3. Nc3 Bg7 4. e4 d6 5. h3 O-O 6. Bg5 Qe8 7. Bd3 Na6 8. Nge2 e5 9. d5 Nh5 10. Qd2 f5 11. f3 c6 12. Bc2 cxd5 13. Nxd5 Be6 14. exf5 gxf5 15. g4 Nf4 16. Nexf4 exf4 17. O-O-O Kh8 18. Rhe1 Qc8 19. Kb1 Bf7 20. Qxf4 fxg4 21. Bf6 Bxd5 22. Qh6 1-0

[Event "Commonwealth Open 2019"]
[Site "Delhi"]
[Date "2019.06.30"]
[Round "2.9"]
[White "Swayams, Mishra"]
[Black "Varshini, V."]
[Result "0-1"]
[ECO "D55"]
[WhiteElo "2493"]
[BlackElo "2189"]
[Annotator "ChessBase"]
[PlyCount "103"]
[EventDate "2019.06.30"]
[EventType "swiss"]
[EventCountry "IND"]
[SourceTitle "playchess.com"]
[Source "ChessBase"]
[SourceQuality "1"]
[TimeControl "5400+30"]

1. d4 d5 2. c4 e6 3. Nc3 Nf6 4. Bg5 Be7 5. e3 O-O 6. Nf3 a6 7. cxd5 exd5 8. Bd3 Nbd7 9. O-O Re8 10. Rc1 c6 11. Qc2 Nf8 12. Ne5 Ne4 13. Bf4 f6 14. Nf3 f5 15. Ne5 Bf6 16. f3 Nd6 17. Bg3 Ng6 18. f4 Ne4 19. Bxe4 fxe4 20. Qb3 a5 21. a4 Bxe5 22. fxe5 Be6 23. Qxb7 Qg5 24. Bf4 Qg4 25. Qxc6 Rac8 26. Qa6 Nh4 27. Bg3 Nf5 28. Rf4 Qh5 29. Re1 Qg6 30. Bf2 Rf8 31. Rf1 Rc7 32. Qxa5 Rd7 33. Qb5 h5 34. Qc5 Rff7 35. Nb5 h4 36. Qc1 h3 37. g4 Nh6 38. Bg3 Nxg4 39. Nd6 Rc7 40. Qd2 Rxf4 41. Rxf4 Kh7 42. a5 Qh5 43. a6 Bd7 44. Rf1 Ba4 45. Rc1 Nxh2 46. Kxh2 Rxc1 47. Qf2 Rc2 48. a7 Qe2 49. Kxh3 Qa6 50. Kg4 Qxa7 51. Kf5 Qd7+ 52. e6 0-1

[Event "Commonwealth Open 2019"]
[Site "Delhi"]
[Date "2019.06.30"]
[Round "2.10"]
[White "Arpita, Mukherjee"]
[Black "Swapnil, S. Dhopade"]
[Result "0-1"]
[ECO "B12"]
[WhiteElo "2196"]
[BlackElo "2488"]
[Annotator "ChessBase"]
[PlyCount "100"]
[EventDate "2019.06.30"]
[EventType "swiss"]
[EventCountry "IND"]
[SourceTitle "playchess.com"]
[Source "ChessBase"]
[SourceQuality "1"]
[TimeControl "5400+30"]

1. e4 c6 2. d4 d5 3. e5 c5 4. dxc5 e6 5. Nf3 Bxc5 6. a3 Ne7 7. b4 Bb6 8. Bd3 Ng6 9. O-O a5 10. b5 Nd7 11. Bb2 Nc5 12. a4 O-O 13. g3 Nxd3 14. Qxd3 Bc5 15. Nbd2 b6 16. Nb3 Bb7 17. Nbd4 Qc7 18. Ng5 Qxe5 19. h4 Qf6 20. Rae1 e5 21. Ndf3 e4 22. Qb3 Qf5 23. Qc3 f6 24. Nd4 Qg4 25. Nge6 Rfc8 26. Qb3 Nxh4 27. Kh2 Re8 28. Nxc5 bxc5 29. gxh4 Qxh4+ 30. Qh3 Qxh3+ 31. Kxh3 cxd4 32. Bxd4 Rec8 33. c3 Rc4 34. Rg1 Kf7 35. Ra1 g5 36. Kg4 h5+ 37. Kg3 h4+ 38. Kh2 Kg6 39. f4 exf3 40. Raf1 Rxa4 41. Rxf3 Ra2+ 42. Kh1 Rf8 43. Rgf1 f5 44. Re3 Bc8 45. Re7 f4 46. Rg7+ Kh6 47. Rc7 Re8 48. Rf2 Ra1+ 49. Kh2 Bf5 50. Rd2 Ree1 0-1

[Event "Commonwealth Open 2019"]
[Site "Delhi"]
[Date "2019.06.30"]
[Round "2.11"]
[White "Krishna C R G"]
[Black "Joshi, Govind Ballabh"]
[Result "1/2-1/2"]
[ECO "A07"]
[WhiteElo "2481"]
[BlackElo "2121"]
[Annotator "ChessBase"]
[PlyCount "60"]
[EventDate "2019.06.30"]
[EventType "swiss"]
[EventCountry "IND"]
[SourceTitle "playchess.com"]
[Source "ChessBase"]
[SourceQuality "1"]
[TimeControl "5400+30"]

1. Nf3 d5 2. g3 Nf6 3. Bg2 c6 4. O-O Bg4 5. c4 e6 6. b3 Nbd7 7. Bb2 Bd6 8. d3 O-O 9. Nbd2 Re8 10. Qb1 a5 11. a3 e5 12. cxd5 cxd5 13. e4 d4 14. Nc4 Nc5 15. a4 Bxf3 16. Bxf3 Nxb3 17. Ba3 Bxa3 18. Rxa3 Nc5 19. Qb5 Qc7 20. Rc1 Ra6 21. Be2 Ncd7 22. Rb3 Rea8 23. Bd1 R8a7 24. Rbb1 Rc6 25. Qb3 h6 26. Qa3 Nc5 27. Nd2 Nfd7 28. Nc4 Nf6 29. Nd2 Nfd7 30. Nc4 Nf6 1/2-1/2

[Event "Commonwealth Open 2019"]
[Site "Delhi"]
[Date "2019.06.30"]
[Round "2.12"]
[White "Deepak, Katiyar"]
[Black "Kunte, Abhijit"]
[Result "0-1"]
[ECO "C87"]
[WhiteElo "2140"]
[BlackElo "2478"]
[Annotator "ChessBase"]
[PlyCount "90"]
[EventDate "2019.06.30"]
[EventType "swiss"]
[EventCountry "IND"]
[SourceTitle "playchess.com"]
[Source "ChessBase"]
[SourceQuality "1"]
[TimeControl "5400+30"]

1. e4 e5 2. Nf3 Nc6 3. Bb5 a6 4. Ba4 Nf6 5. O-O Be7 6. Re1 d6 7. c3 O-O 8. h3 Bd7 9. d4 Re8 10. Nbd2 Bf8 11. Bc2 h6 12. Nf1 a5 13. Ng3 a4 14. Be3 a3 15. b3 exd4 16. Nxd4 g6 17. Qd2 Kh7 18. Rad1 Bg7 19. f4 Re7 20. Bf2 Qe8 21. Re2 Qh8 22. Rde1 Rae8 23. Qc1 h5 24. Nf3 Kg8 25. Qxa3 h4 26. Nf1 Nh5 27. Bxh4 Nxf4 28. Bxe7 Nxe2+ 29. Rxe2 Nxe7 30. c4 Nc6 31. Qc1 Qh5 32. Ng3 Qa5 33. Bb1 Nd4 34. Nxd4 Bxd4+ 35. Kh1 Kg7 36. Qd2 Qe5 37. Nf1 Bg4 38. Nh2 Bxe2 39. Qxe2 Qf4 40. Qd1 Bc5 41. Nf3 g5 42. Qd2 Qxd2 43. Nxd2 f5 44. e5 f4 45. Ne4 Rxe5 0-1

[Event "Commonwealth Open 2019"]
[Site "Delhi"]
[Date "2019.06.30"]
[Round "2.13"]
[White "Thejkumar, M. S."]
[Black "Kiran, Manisha Mohanty"]
[Result "1-0"]
[ECO "D80"]
[WhiteElo "2458"]
[BlackElo "2090"]
[Annotator "ChessBase"]
[PlyCount "77"]
[EventDate "2019.06.30"]
[EventType "swiss"]
[EventCountry "IND"]
[SourceTitle "playchess.com"]
[Source "ChessBase"]
[SourceQuality "1"]
[TimeControl "5400+30"]

1. d4 Nf6 2. c4 g6 3. Nc3 d5 4. e3 Bg7 5. Qb3 c6 6. Nf3 O-O 7. Be2 e6 8. O-O Re8 9. Rd1 Nbd7 10. Qc2 b6 11. b4 Bb7 12. Bb2 Qc8 13. c5 bxc5 14. dxc5 e5 15. e4 d4 16. Na4 Ba6 17. Ba3 Nf8 18. Nb2 Bxe2 19. Qxe2 Ne6 20. Nd3 Nf4 21. Nxf4 exf4 22. e5 Ng4 23. Bb2 Bxe5 24. Qc4 Bg7 25. Bxd4 Qf5 26. Bxg7 Kxg7 27. Rd6 Re4 28. Qc3+ Kg8 29. h3 Ne5 30. Nxe5 Rxe5 31. Rad1 Rae8 32. Rxc6 h5 33. Rcd6 g5 34. c6 g4 35. c7 g3 36. fxg3 Re3 37. Qc5 R3e5 38. Qf2 f3 39. Rd8 1-0

[Event "Commonwealth Open 2019"]
[Site "Delhi"]
[Date "2019.06.30"]
[Round "2.14"]
[White "Mahindrakar Indrajeet"]
[Black "Karthikeyan, P.."]
[Result "0-1"]
[ECO "B21"]
[WhiteElo "2100"]
[BlackElo "2445"]
[Annotator "NA"]
[PlyCount "58"]
[EventDate "2019.06.30"]
[EventType "swiss"]
[EventCountry "IND"]
[SourceTitle "playchess.com"]
[Source "ChessBase"]
[SourceQuality "1"]
[TimeControl "5400+30"]

1. e4 c5 2. d4 cxd4 3. c3 dxc3 4. Nxc3 Nc6 5. Nf3 e6 6. Bc4 a6 7. O-O b5 8. Bb3 Bb7 9. Re1 Bc5 10. Bg5 Nge7 11. Nd5 d6 12. Rc1 Rc8 13. Bh4 Qd7 14. Nf4 Ng6 15. Nh5 Nxh4 16. Nxg7+ Kf8 17. Nxh4 Qe7 18. Rxc5 dxc5 19. Nhf5 exf5 20. Nxf5 Qd8 21. Qc1 Qf6 22. Qxc5+ Ne7 23. Qa7 Nxf5 24. Qxb7 Ne7 25. e5 Qc6 26. Qa7 Rg8 27. g3 Rg4 28. Rd1 Re4 29. Rf1 Ra8 0-1

[Event "Commonwealth Open 2019"]
[Site "Delhi"]
[Date "2019.06.30"]
[Round "2.15"]
[White "Laxman, R.R."]
[Black "Panesar Vedant"]
[Result "1-0"]
[ECO "A46"]
[WhiteElo "2437"]
[BlackElo "2068"]
[Annotator "NA"]
[PlyCount "53"]
[EventDate "2019.06.30"]
[EventType "swiss"]
[EventCountry "IND"]
[SourceTitle "playchess.com"]
[Source "ChessBase"]
[SourceQuality "1"]
[TimeControl "5400+30"]

1. d4 Nf6 2. Nf3 d5 3. c4 e6 4. e3 b6 5. Nc3 Bb7 6. cxd5 exd5 7. Bb5+ c6 8. Bd3 Bb4 9. Ne5 O-O 10. O-O Re8 11. f4 c5 12. Ne2 Nc6 13. Bb5 Qd6 14. a3 Ba5 15. Qa4 Rec8 16. dxc5 Qe6 17. Bxc6 Bxc6 18. Nxc6 Qxc6 19. Qxc6 Rxc6 20. b4 bxc5 21. bxa5 Re8 22. Ng3 d4 23. exd4 cxd4 24. Bb2 h5 25. Bxd4 h4 26. Nf5 Ng4 27. h3 1-0

[Event "Commonwealth Open 2019"]
[Site "Delhi"]
[Date "2019.06.30"]
[Round "2.16"]
[White "Kumar, Gaurav"]
[Black "Shyaamnikhil P"]
[Result "1/2-1/2"]
[ECO "B28"]
[WhiteElo "2082"]
[BlackElo "2434"]
[Annotator "NA"]
[PlyCount "86"]
[EventDate "2019.06.30"]
[EventType "swiss"]
[EventCountry "IND"]
[SourceTitle "playchess.com"]
[Source "ChessBase"]
[SourceQuality "1"]
[TimeControl "5400+30"]

1. e4 c5 2. Nf3 a6 3. Nc3 b5 4. d4 cxd4 5. Nxd4 Bb7 6. Bd3 Nc6 7. Be3 e6 8. O-O Nf6 9. a3 h5 10. h3 Qc7 11. Nxc6 Bxc6 12. f4 Qb7 13. e5 Nd5 14. Nxd5 Bxd5 15. Qe2 g6 16. Rac1 Be7 17. c4 bxc4 18. Bxc4 Bc6 19. Rc3 O-O 20. Rb3 Qc8 21. Rc1 a5 22. Bb5 a4 23. Rbc3 Bxb5 24. Qxb5 Qe8 25. Rc7 d5 26. Qb7 Rb8 27. Qa7 Bh4 28. Bc5 Ra8 29. Qb7 Rb8 30. Qa7 Ra8 31. Qxa8 Qxa8 32. Bxf8 Qxf8 33. Rc8 Bd8 34. Rb8 Kg7 35. Rcc8 g5 36. fxg5 Kg6 37. Rxd8 Qc5+ 38. Kh2 d4 39. Rg8+ Kf5 40. Rbf8 Qxe5+ 41. Kh1 Qe1+ 42. Kh2 Qe5+ 43. Kh1 Qe1+ 1/2-1/2

[Event "Commonwealth Open 2019"]
[Site "Delhi"]
[Date "2019.06.30"]
[Round "2.17"]
[White "Sri Sai Baswanth P"]
[Black "Thipsay, Praveen M"]
[Result "0-1"]
[ECO "C45"]
[WhiteElo "2065"]
[BlackElo "2405"]
[Annotator "NA"]
[PlyCount "62"]
[EventDate "2019.06.30"]
[EventType "swiss"]
[EventCountry "IND"]
[SourceTitle "playchess.com"]
[Source "ChessBase"]
[SourceQuality "1"]
[TimeControl "5400+30"]

1. e4 e5 2. Nf3 Nc6 3. d4 exd4 4. Nxd4 Bc5 5. Nb3 Bb6 6. Nc3 Nge7 7. Bg5 O-O 8. Qd2 d6 9. O-O-O a5 10. a4 f6 11. Be3 Bxe3 12. Qxe3 Be6 13. f3 Qc8 14. g4 Qe8 15. Nb5 Rc8 16. h3 Bf7 17. f4 d5 18. Bg2 dxe4 19. Qxe4 Ng6 20. f5 Nge5 21. Rhe1 Qe7 22. Rd2 Bxb3 23. cxb3 Nb4 24. Red1 Rcd8 25. Rxd8 Rxd8 26. Rxd8+ Qxd8 27. Qxb7 c6 28. Nc7 Ned3+ 29. Kb1 Nf4 30. Bd5+ Nfxd5 31. Ne6 Nc3+ 0-1